IL
OMAHA STORM CHASERS @ ROCHESTER RED WINGS
08/22/2048
 
TOP OF THE 1ST
Omaha Storm Chasers batting - Pitching for Rochester Red Wings : RHP Ruben Requena
Pitching: RHP Ruben Requena
Batting: LHB Jim Pankratz 0-0: Ball
1-0: Ground out 6-3 (Groundball, 56, EV 108.1 MPH)
Batting: RHB Walt Cogswell 0-0: Ball
1-0: Foul Ball, location: 2F
1-1: Foul Ball, location: 2F
1-2: Strikes out looking
Batting: RHB Taisei Fujii 0-0: Foul Ball, location: 2F
0-1: Swinging Strike
0-2: Ball
1-2: Strikes out swinging
Top of the 1st over - 0 runs, 0 hits, 0 errors, 0 left on base; Omaha 0 - Rochester 0
BOTTOM OF THE 1ST
Rochester Red Wings batting - Pitching for Omaha Storm Chasers : RHP Dennis Holifield
Pitching: RHP Dennis Holifield
Batting: RHB Cyril Husson 0-0: Ball
1-0: Ball
2-0: Ball
3-0: Called Strike
3-1: SOLO HOME RUN (Flyball, 7LD, EV 96.9 MPH), Distance : 365 ft
Batting: SHB Ian Thompson 0-0: Ball
1-0: Ball
2-0: Swinging Strike
2-1: Ball
3-1: Base on Balls
Batting: SHB Dan Morataya 0-0: Called Strike
0-1: Ball
1-1: Ball
2-1: Called Strike
2-2: SINGLE (Line Drive, 8RS, EV 101.2 MPH)
Ian Thompson to second
Batting: LHB Chris Munguia 0-0: Called Strike
0-1: Called Strike
0-2: Ball
1-2: Fly out, F7 (Flyball, 78S, EV 93.8 MPH)
Batting: RHB Manuel Juarez 0-0: Ball
1-0: Called Strike
1-1: Ball
2-1: Called Strike
2-2: DOUBLE (Line Drive, 9LS, EV 87.5 MPH)
Ian Thompson scores
Dan Morataya to third
Batting: SHB Manny Molina 0-0: Fly out, F9 (Flyball, 9LS, EV 88.1 MPH)
Batting: LHB Jayden Thomas 0-0: Ball
1-0: 3-RUN HOME RUN (Flyball, 89XD, EV 100.6 MPH), Distance : 401 ft
Batting: RHB Mike Craver 0-0: Fly out, F9 (Flyball, 9, EV 85.6 MPH)
Bottom of the 1st over - 5 runs, 4 hits, 0 errors, 0 left on base; Omaha 0 - Rochester 5
TOP OF THE 2ND
Omaha Storm Chasers batting - Pitching for Rochester Red Wings : RHP Ruben Requena
Batting: RHB Ken Postlethwaite 0-0: Ball
1-0: SINGLE (Groundball, 56S, EV 62.5 MPH) (infield hit)
Batting: SHB Francisco Gutierrez 0-0: Ball
1-0: Ball
2-0: Swinging Strike
2-1: Ball
3-1: Base on Balls
Ken Postlethwaite to second
Batting: RHB Danny Weisse 0-0: Swinging Strike
0-1: Called Strike
0-2: Foul Ball, location: 2F
0-2: Ball
1-2: Ball
2-2: Ball
3-2: Strikes out swinging
Batting: LHB Danny Bailey 0-0: Foul Ball, location: 2F
0-1: Ball
1-1: Foul Ball, location: 2F
1-2: Strikes out swinging
Batting: RHB Yuichi Takata 0-0: Ball
Wild Pitch!
Ken Postlethwaite to third
Francisco Gutierrez to second
1-0: Fly out, F7 (Flyball, 7, EV 86.2 MPH)
Top of the 2nd over - 0 runs, 1 hit, 0 errors, 2 left on base; Omaha 0 - Rochester 5
BOTTOM OF THE 2ND
Rochester Red Wings batting - Pitching for Omaha Storm Chasers : RHP Dennis Holifield
Batting: RHB Ryan Gautney 0-0: Called Strike
0-1: Foul Ball, location: 2F
0-2: Ball
1-2: Ball
2-2: Foul Ball, location: 2F
2-2: Fly out, F4 (Line Drive, 4, EV 63.1 MPH)
Batting: RHB Cyril Husson 0-0: Fly out, F9 (Line Drive, 89M, EV 110.0 MPH)
Batting: SHB Ian Thompson 0-0: Ground out 6-3 (Groundball, 6, EV 96.2 MPH)
Bottom of the 2nd over - 0 runs, 0 hits, 0 errors, 0 left on base; Omaha 0 - Rochester 5
TOP OF THE 3RD
Omaha Storm Chasers batting - Pitching for Rochester Red Wings : RHP Ruben Requena
Batting: RHB Kevin Roseen 0-0: Ball
1-0: SINGLE (Line Drive, 6D, EV 98.8 MPH)
Batting: LHB Jim Pankratz 0-0: Called Strike
0-1: Ball
1-1: Fly out, F8 (Flyball, 8LD, EV 85.6 MPH)
Batting: RHB Walt Cogswell 0-0: Ball
1-0: Fielders Choice at 2nd, 4-6 (Groundball, 4S, EV 79.4 MPH)
Batting: RHB Taisei Fujii 0-0: Ball
Walt Cogswell steals 2nd base (no throw)
1-0: Ball
2-0: Ball
3-0: Called Strike
3-1: Foul Ball, location: 2F
3-2: Foul Ball, location: 2F
3-2: Fly out, F7 (Line Drive, 78M, EV 91.9 MPH)
Top of the 3rd over - 0 runs, 1 hit, 0 errors, 1 left on base; Omaha 0 - Rochester 5
BOTTOM OF THE 3RD
Rochester Red Wings batting - Pitching for Omaha Storm Chasers : RHP Dennis Holifield
Batting: SHB Dan Morataya 0-0: Ball
1-0: Ball
2-0: Fly out, F7 (Line Drive, 78M, EV 99.4 MPH)
Batting: LHB Chris Munguia 0-0: Foul Ball, location: 2F
0-1: Ball
1-1: Fly out, F8 (Line Drive, 8LM, EV 97.5 MPH)
Batting: RHB Manuel Juarez 0-0: Called Strike
0-1: Ball
1-1: Swinging Strike
1-2: SINGLE (Flyball, 8LS, EV 90.6 MPH)
Batting: SHB Manny Molina 0-0: Ball
1-0: Ground out 6-3 (Groundball, 6M, EV 83.8 MPH)
Bottom of the 3rd over - 0 runs, 1 hit, 0 errors, 1 left on base; Omaha 0 - Rochester 5
TOP OF THE 4TH
Omaha Storm Chasers batting - Pitching for Rochester Red Wings : RHP Ruben Requena
Batting: RHB Ken Postlethwaite 0-0: Ball
1-0: Ball
2-0: Called Strike
2-1: Ball
3-1: Swinging Strike
3-2: Foul Ball, location: 2F
3-2: Strikes out swinging
Batting: SHB Francisco Gutierrez 0-0: Ball
1-0: Called Strike
1-1: Swinging Strike
1-2: Ball
2-2: Foul Ball, location: 2F
2-2: Ball
3-2: Foul Ball, location: 2F
3-2: Base on Balls
Batting: RHB Danny Weisse 0-0: Foul Ball, location: 2F
0-1: Swinging Strike
0-2: Ball
1-2: Ball
2-2: Grounds into double play, 6-4-3 (Groundball, 6, EV 90.0 MPH)
Top of the 4th over - 0 runs, 0 hits, 0 errors, 0 left on base; Omaha 0 - Rochester 5
BOTTOM OF THE 4TH
Rochester Red Wings batting - Pitching for Omaha Storm Chasers : RHP Dennis Holifield
Batting: LHB Jayden Thomas 0-0: Foul Ball, location: 2F
0-1: Ball
1-1: Ground out 1-3 (Groundball, 34S, EV 66.9 MPH)
Batting: RHB Mike Craver 0-0: Ball
1-0: Ball
2-0: Ball
3-0: Base on Balls
Pitching: RHP Terry Romaine
Batting: RHB Ryan Gautney 0-0: Ball
Mike Craver steals 2nd base (no throw)
1-0: Swinging Strike
1-1: Ball
2-1: Ball
3-1: Base on Balls
Batting: RHB Cyril Husson 0-0: Ball
1-0: Ball
2-0: Called Strike
2-1: Foul Ball, location: 2F
2-2: Strikes out swinging
Batting: SHB Ian Thompson 0-0: Ball
1-0: Ball
2-0: SINGLE (Groundball, 34D, EV 101.2 MPH)
Mike Craver to third
Ryan Gautney to second
Batting: SHB Dan Morataya 0-0: Called Strike
0-1: Ball
1-1: SINGLE (Groundball, 34D, EV 99.4 MPH)
Mike Craver scores
Ryan Gautney to third
Ian Thompson to second
Batting: LHB Chris Munguia 0-0: Ball
1-0: Ball
2-0: Fly out, F7 (Flyball, 7S, EV 93.1 MPH)
Bottom of the 4th over - 1 run, 2 hits, 0 errors, 3 left on base; Omaha 0 - Rochester 6
TOP OF THE 5TH
Omaha Storm Chasers batting - Pitching for Rochester Red Wings : RHP Ruben Requena
Batting: LHB Danny Bailey 0-0: Ball
1-0: Ball
2-0: Called Strike
2-1: Foul Ball, location: 2F
2-2: Foul Ball, location: 2F
2-2: Ground out 4-3 (Groundball, 4S, EV 94.4 MPH)
Batting: RHB Yuichi Takata 0-0: Called Strike
0-1: Swinging Strike
0-2: Ball
1-2: Strikes out swinging, 2-3 out at first.
Batting: RHB Kevin Roseen 0-0: Foul Ball, location: 2F
0-1: Fly out, F9 (Flyball, 89S, EV 90.6 MPH)
Top of the 5th over - 0 runs, 0 hits, 0 errors, 0 left on base; Omaha 0 - Rochester 6
BOTTOM OF THE 5TH
Rochester Red Wings batting - Pitching for Omaha Storm Chasers : RHP Terry Romaine
Batting: RHB Manuel Juarez 0-0: Swinging Strike
0-1: Ball
1-1: Ball
2-1: Ball
3-1: SINGLE (Line Drive, 34D, EV 99.4 MPH)
Batting: SHB Manny Molina 0-0: Called Strike
0-1: Called Strike
0-2: Ball
1-2: Ball
2-2: Foul Ball, location: 2F
2-2: Strikes out looking
Batting: LHB Jayden Thomas 0-0: Ball
1-0: Fielders Choice at 2nd, 5-4 (Groundball, 56, EV 105.6 MPH)
Batting: RHB Mike Craver 0-0: Called Strike
0-1: Foul Ball, location: 2F
0-2: Ball
1-2: Ground out 4-3 (Groundball, 4, EV 90.0 MPH)
Bottom of the 5th over - 0 runs, 1 hit, 0 errors, 1 left on base; Omaha 0 - Rochester 6
TOP OF THE 6TH
Omaha Storm Chasers batting - Pitching for Rochester Red Wings : RHP Ruben Requena
Batting: LHB Jim Pankratz 0-0: Swinging Strike
0-1: Foul Ball, location: 2F
0-2: Ball
1-2: Strikes out swinging
Batting: RHB Walt Cogswell 0-0: Called Strike
0-1: Ball
1-1: Swinging Strike
1-2: Ball
2-2: Strikes out looking
Batting: RHB Taisei Fujii 0-0: SINGLE (Line Drive, 78S, EV 95.6 MPH)
Batting: RHB Ken Postlethwaite 0-0: Foul Ball, location: 2F
0-1: Ball
1-1: Foul Ball, location: 2F
1-2: Ball
2-2: Strikes out looking
Top of the 6th over - 0 runs, 1 hit, 0 errors, 1 left on base; Omaha 0 - Rochester 6
BOTTOM OF THE 6TH
Rochester Red Wings batting - Pitching for Omaha Storm Chasers : RHP Terry Romaine
Batting: RHB Ryan Gautney 0-0: Ball
1-0: Ground out 4-3 (Groundball, 4, EV 100.6 MPH)
Batting: RHB Cyril Husson 0-0: Called Strike
0-1: Ground out 4-3 (Groundball, 4, EV 85.6 MPH)
Batting: SHB Ian Thompson 0-0: Ball
1-0: SINGLE (Groundball, 25, EV 82.5 MPH) (infield hit)
Pitching: RHP Elijah Lewis
Batting: SHB Dan Morataya 0-0: Swinging Strike
0-1: Ball
1-1: Swinging Strike
1-2: Strikes out swinging
Bottom of the 6th over - 0 runs, 1 hit, 0 errors, 1 left on base; Omaha 0 - Rochester 6
TOP OF THE 7TH
Omaha Storm Chasers batting - Pitching for Rochester Red Wings : RHP Ruben Requena
Batting: SHB Francisco Gutierrez 0-0: Called Strike
0-1: Ball
1-1: Foul Ball, location: 2F
1-2: Ball
2-2: Strikes out looking
Batting: RHB Danny Weisse 0-0: Ball
1-0: Ball
2-0: Ball
3-0: Base on Balls
Pitching: RHP Justin Gorden
Batting: LHB Danny Bailey 0-0: Called Strike
0-1: Fly out, F8 (Flyball, 89XD, EV 103.8 MPH)
Batting: RHB Yuichi Takata 0-0: Ball
1-0: Ball
2-0: Ball
Wild Pitch!
Danny Weisse to second
3-0: Base on Balls
Batting: RHB Kevin Roseen 0-0: Ball
1-0: Swinging Strike
1-1: Foul Ball, location: 2F
1-2: Foul Ball, location: 2F
1-2: Strikes out swinging
Top of the 7th over - 0 runs, 0 hits, 0 errors, 2 left on base; Omaha 0 - Rochester 6
BOTTOM OF THE 7TH
Rochester Red Wings batting - Pitching for Omaha Storm Chasers : RHP Elijah Lewis
Batting: LHB Chris Munguia 0-0: Foul Ball, location: 2F
0-1: Ball
1-1: Swinging Strike
1-2: Ball
2-2: Strikes out swinging
Batting: RHB Manuel Juarez 0-0: Swinging Strike
0-1: Swinging Strike
0-2: Ground out 6-3 (Groundball, 6, EV 85.0 MPH)
Batting: SHB Manny Molina 0-0: Called Strike
0-1: Ball
1-1: Ball
2-1: Called Strike
2-2: Strikes out swinging
Bottom of the 7th over - 0 runs, 0 hits, 0 errors, 0 left on base; Omaha 0 - Rochester 6
TOP OF THE 8TH
Omaha Storm Chasers batting - Pitching for Rochester Red Wings : RHP Justin Gorden
Batting: LHB Jim Pankratz 0-0: Ball
1-0: Foul Ball, location: 2F
1-1: Ball
2-1: Ball
3-1: Foul Ball, location: 2F
3-2: Fly out, F8 (Flyball, 8RM, EV 83.1 MPH)
Batting: RHB Walt Cogswell 0-0: Called Strike
0-1: Foul Ball, location: 2F
0-2: Ball
1-2: Ground out 1-3 (Groundball, 13S, EV 63.8 MPH)
Batting: RHB Taisei Fujii 0-0: Ball
1-0: Called Strike
1-1: Ball
2-1: Ground out 5-3 (Groundball, 5L, EV 91.2 MPH)
Top of the 8th over - 0 runs, 0 hits, 0 errors, 0 left on base; Omaha 0 - Rochester 6
BOTTOM OF THE 8TH
Rochester Red Wings batting - Pitching for Omaha Storm Chasers : RHP Elijah Lewis
Batting: LHB Jayden Thomas 0-0: Ball
1-0: Ground out 6-3 (Groundball, P, EV 81.9 MPH)
Batting: RHB Mike Craver 0-0: Foul Ball, location: 2F
0-1: Foul Ball, location: 2F
0-2: Foul Ball, location: 2F
0-2: Ball
1-2: Ball
2-2: Foul Ball, location: 2F
2-2: Strikes out looking
Batting: RHB Ryan Gautney 0-0: Called Strike
0-1: Ball
1-1: Ball
2-1: Called Strike
2-2: Foul Ball, location: 2F
2-2: Ball
3-2: Strikes out looking
Bottom of the 8th over - 0 runs, 0 hits, 0 errors, 0 left on base; Omaha 0 - Rochester 6
TOP OF THE 9TH
Omaha Storm Chasers batting - Pitching for Rochester Red Wings : RHP Justin Gorden
Batting: RHB Ken Postlethwaite 0-0: Swinging Strike
0-1: Ball
1-1: Ball
2-1: Fly out, F7 (Line Drive, 7D, EV 93.8 MPH)
Batting: SHB Francisco Gutierrez 0-0: Called Strike
0-1: Foul Ball, location: 2F
0-2: Ground out 6-3 (Groundball, 6, EV 88.8 MPH)
Batting: RHB Danny Weisse 0-0: Ball
1-0: Ball
2-0: Ball
3-0: Base on Balls
Batting: LHB Danny Bailey 0-0: Ground out 4-3 (Groundball, 34, EV 86.2 MPH)
Top of the 9th over - 0 runs, 0 hits, 0 errors, 1 left on base; Omaha 0 - Rochester 6
Tuesday, March 28th , 2023 - OOTP Baseball 23.10 Build 110